 Dungeon Crawl Stone Soup version 0.17.0-24-gcfadda4 (webtiles) character file.

149 Raultor the Sneak (level 5, -2/35 HPs)
             Began as a Vampire Enchanter on Nov 16, 2015.
             Killed by nerve-wracking pain
             ... invoked by Grinder
              (11 damage)
             ... on level 4 of the Dungeon.
             The game lasted 00:09:02 (2016 turns).

Raultor the Sneak (Vampire Enchanter)               Turns: 2016, Time: 00:09:02

Health: -2/35      AC:  4    Str:  7    XL:     5   Next: 9%
Magic:  6/8        EV: 13    Int: 18    God:
Gold:   136        SH:  0    Dex: 15    Spells: 3 memorised, 2 levels left

rFire  . . .     SeeInvis +     a - +1 dagger
rCold  + . .     Clarity  .     b - +1 robe
rNeg   + + .     SustAt   .     (no shield)
rPois  +         Gourm    .     (no helmet)
rElec  .         Spirit   .     k - +0 cloak
rCorr  .         Warding  .     (no gloves)
rMut   .         Stasis   .     (no boots)
MR     .....                    (no amulet)
Stlth  ++++......               (no ring)
                                (no ring)

@: regenerating slowly, not resistant to hostile enchantments, stealthy
A: fangs 3, see invisible, unbreathing
a: Bat Form


You were on level 4 of the Dungeon.
You were thirsty.

You visited 1 branch of the dungeon, and saw 4 of its levels.

You collected 136 gold pieces.

Inventory:

Hand Weapons
 a - a +1 dagger (weapon)
Missiles
 p - 27 poisoned needles
 r - a throwing net (quivered)
Armour
 b - a +1 robe (worn)
 k - a +0 cloak (worn)
Jewellery
 g - an uncursed ring of see invisible {unknown}
 m - an uncursed ring of wizardry {unknown}
Scrolls
 f - 2 scrolls of teleportation {unknown}
 n - 2 scrolls of identify {unknown}
 q - a scroll of enchant weapon {unknown}
 s - 2 scrolls of amnesia {unknown}
 u - a scroll of remove curse {unknown}
Potions
 d - 13 potions of blood
 e - 3 potions of heal wounds
 h - 3 potions of haste {unknown}
 i - 3 potions of resistance {unknown}
 j - a potion of mutation {unknown}
 l - 5 potions of curing {unknown}
 o - a potion of brilliance {unknown}
 v - a potion of might {unknown}
Books
 c - a book of Maledictions

   Spells                             Type                      Level
   a - Corona                         Hexes                        1
   b - Ensorcelled Hibernation        Hexes/Ice                    2
   c - Confuse                        Hexes                        3
   d - Tukima's Dance                 Hexes                        3
   e - Dazzling Spray                 Conjuration/Hexes            3
 t - an Akashic Record

   Spells                             Type                      Level
   a - Dispersal                      Translocation                6
   b - Malign Gateway                 Summoning/Translocation      7
   c - Disjunction                    Translocation                8
   d - Controlled Blink               Translocation                8


   Skills:
 + Level 2.0 Short Blades
 + Level 3.2 Dodging
 + Level 6.8 Stealth
 - Level 2.0 Spellcasting
 * Level 5.6 Hexes


You had 2 spell levels left.
You knew the following spells:

 Your Spells              Type           Power        Failure   Level  Hunger
a - Corona                Hex            ###....      1%          1    #......
b - Ensorcelled Hibernat  Hex/Ice        ##....       12%         2    ###....
c - Tukima's Dance        Hex            ###.....     6%          3    ###....


Dungeon Overview and Level Annotations

Branches:
Dungeon (4/15)
 Temple: D:4-7

Altars:
Ru

Annotations:
D:4 Grinder


Innate Abilities, Weirdness & Mutations

You heal slowly.
You have razor-sharp teeth.
You have supernaturally acute eyesight.
You can survive without breathing.


Message History

You barely miss Grinder. Grinder gestures at you.
You suddenly lose the ability to move!
Grinder hits you. Grinder gestures at you. You resist with significant effort.
You can move again.
You barely miss Grinder. You bite Grinder.
Grinder is lightly wounded.
Grinder barely misses you.
You completely miss Grinder.
Grinder is lightly wounded.
Grinder gestures at you. Pain shoots through your body!
* * * LOW HITPOINT WARNING * * *
You hit Grinder.
Grinder is lightly wounded.
Grinder gestures at you. Pain shoots through your body!
You die...

#...........# #.#
#...........# #.#
#...........####.#
#######................#
.......#..........####
..$....#..........#
.......#..........#
......5#..........#
.......@..........#
..#...............#
#...............#
#...............#
#.......########
#.......# #.......#
#.......#


You could see Grinder.

Vanquished Creatures
  A hound (D:3)
  4 adders
  2 worms
  3 giant geckos
  4 orcs (D:3)
  3 giant cockroaches
  7 hobgoblins
  9 kobolds
  2 ball pythons
  A ball python skeleton (D:4)
  7 bats
  2 giant newts
  8 goblins
  8 jackals
  A quokka (D:3)
  9 rats
71 creatures vanquished.

Notes
Turn   | Place    | Note
--------------------------------------------------------------
     0 | D:1      | Raultor the Vampire Enchanter began the quest for the Orb.
     0 | D:1      | Reached XP level 1. HP: 13/13 MP: 3/3
   146 | D:1      | Reached XP level 2. HP: 17/19 MP: 5/5
   171 | D:1      | Learned a level 2 spell: Ensorcelled Hibernation
   225 | D:1      | Reached skill level 5 in Hexes
   237 | D:1      | Reached skill level 5 in Stealth
   451 | D:1      | Reached XP level 3. HP: 24/24 MP: 6/6
   733 | D:2      | Found a faded altar to an unknown god.
   944 | D:2      | Reached skill level 6 in Stealth
   944 | D:2      | Reached XP level 4. HP: 28/30 MP: 3/7
   958 | D:2      | Learned a level 3 spell: Tukima's Dance
  1691 | D:3      | Found a sacrificial altar of Ru.
  1763 | D:3      | Reached XP level 5. HP: 24/35 MP: 3/8
  2007 | D:4      | Noticed Grinder
  2011 | D:4      | Paralysed by Grinder for 2 turns
  2016 | D:4      | Killed from afar by Grinder

Action                   |  1- 3 |  4- 6 || total
-------------------------+-------+-------++-------
Melee: Dagger            |   130 |    72 ||   202
 Cast: Ensorcelled Hiber |     6 |    18 ||    24
       Tukima's Dance    |       |     1 ||     1
       Corona            |       |     2 ||     2
 Stab: Sleeping          |    17 |    20 ||    37
       Distracted        |     1 |       ||     1
  Eat: Corpse            |     6 |       ||     6
